 Dungeon Crawl Stone Soup version 0.20.1-1-g8b1a95d (webtiles) character file.

6529 Firecrotchwizard the Cleaver (level 11, -13/100 HPs)
             Began as a Hill Orc Monk on Oct 29, 2017.
             Was a Priest of Beogh.
             Mangled by a fire giant
             ... wielding a +2 great sword of flaming
              (18 damage)
             ... on level 8 of the Dungeon on Oct 30, 2017.
             The game lasted 00:29:57 (10373 turns).

Firecrotchwizard the Cleaver (Hill Orc Monk)       Turns: 10373, Time: 00:29:57

Health: -13/100    AC: 20    Str: 15    XL:     11   Next: 1%
Magic:  11/11      EV:  6    Int: 10    God:    Beogh [***...]
Gold:   316        SH:  0    Dex: 16    Spells: 10/10 levels left

rFire    . . .     SeeInvis .   a - +2 hunting sling (freeze)
rCold    + . .     Gourm    .   (no shield)
rNeg     . . .     Faith    .   e - +0 plate armour
rPois    .         Spirit   .   b - +0 helmet
rElec    .         Reflect  .   (no cloak)
rCorr    .         Harm     .   x - +0 pair of gloves
MR       .....                  G - +2 pair of boots
Stlth    ..........             (no amulet)
Regen    0.3/turn               O - ring of protection from cold {rC+, !d}
MPRegen  0.2/turn               (no ring)

@: no status effects
A: no striking features
a: Smiting, Renounce Religion


You were on level 8 of the Dungeon.
You worshipped Beogh.
Beogh was most pleased with you.
You were not hungry.

You visited 1 branch of the dungeon, and saw 9 of its levels.
You also visited: Sewer.

You collected 316 gold pieces.

Inventory:

Hand Weapons
 a - a +2 hunting sling of freezing (weapon)
   (You found it on level 4 of the Dungeon)
 f - a +0 war axe
   (You found it on level 5 of the Dungeon)
 E - a +1 whip of flaming
   (You took it off Pikel on level 6 of the Dungeon)
Missiles
 H - 6 javelins
 M - 16 sling bullets (quivered)
Armour
 b - a +0 helmet (worn)
   (You took it off Robin on level 4 of the Dungeon)
 e - a +0 plate armour (worn)
   (You found it on level 1 of the Dungeon)
 x - a +0 pair of gloves (worn)
   (You found it on level 7 of the Dungeon)
 G - a +2 pair of boots (worn)
   (You found it on level 8 of the Dungeon)
Jewellery
 O - a ring of protection from cold (left hand) {rC+, !d}
   (You found it on level 8 of the Dungeon)
Wands
 z - a wand of flame (18/48)
   (You found it on level 8 of the Dungeon)
 D - a wand of lightning (4/15)
   (You took it off a gnoll on level 6 of the Dungeon)
 F - a wand of digging (8/24)
   (You took it off an orc on level 6 of the Dungeon)
 L - a wand of lightning (7/15)
   (You found it on level 8 of the Dungeon)
Scrolls
 l - 2 scrolls of fog {unknown}
 m - 5 scrolls of identify
 n - a scroll of random uselessness {unknown}
 p - a scroll of magic mapping {unknown}
 q - 5 scrolls of remove curse
 r - 3 scrolls of fear
 t - 2 scrolls of enchant weapon {unknown}
 u - 5 scrolls of teleportation {unknown}
 w - 2 scrolls of enchant armour {unknown}
 y - a scroll of immolation {unknown}
 C - a scroll of recharging {unknown}
 N - a scroll of noise {unknown}
Potions
 g - 2 potions of flight
 h - a potion of berserk rage {unknown}
 i - a potion of cancellation {unknown}
 j - 2 potions of might
 k - a potion of lignification {unknown}
 o - 3 potions of invisibility
 s - 2 potions of agility
 v - 3 potions of resistance
 A - 5 potions of brilliance
 B - a potion of mutation {unknown}
 I - 2 potions of magic {unknown}
 J - a potion of degeneration {unknown}
 Q - a potion of heal wounds
Comestibles
 c - 7 bread rations {@e1}
 d - 6 meat rations {@e2}
 K - 7 royal jellies
 P - a chunk of flesh {@w0}


   Skills:
 + Level 10.2 Fighting
 * Level 14.8 Axes
 + Level 8.9 Armour
 - Level 2.4 Dodging
 - Level 1.5 Stealth


You had 10 spell levels left.
You didn't know any spells.

Dungeon Overview and Level Annotations

Branches:
Dungeon (9/15)             Temple (0/1) D:5            Lair (0/6) D:9
    Orc: D:9-12

Altars:
Ashenzari
Fedhas
Hepliaklqana
Makhleb
Okawaru
Sif Muna
Uskayaw
Xom
The Shining One

Shops:
D:4 *[(:

Annotations:
D:4 Sharkman1231's ghost, amateur DsWn
D:6 5 runed doors


Message History

You kill the hell hound!
Beogh accepts your kill.
No target in view!
You start resting.
Some of the chunks of flesh in your inventory have rotted away. x2
Health restored: 93
H - 6 javelins (gained 1)
Found a staircase to the Lair.
H - 7 javelins (gained 1)
You now have 316 gold pieces (gained 10).
K - 7 royal jellies (gained 1)
An ice beast comes into view.
Aim: an ice beast You throw a javelin.
The javelin closely misses the ice beast.
You hear a splash.
Aim: an ice beast You throw a javelin.
The javelin hits the ice beast but does no damage.
You hit the ice beast but do no damage. The ice beast barely misses you.
You closely miss the ice beast.
The ice beast hits you but does no damage.
You slash the ice beast! You slash the ice beast!
The ice beast barely misses you.
You slash the ice beast!
You kill the ice beast!
Beogh accepts your kill.
You have reached level 11!
Health restored: 100; MP restored: 11 Your +2 hunting sling of freezing is covered in frost.
a - a +2 hunting sling of freezing (weapon)
H - 6 javelins (gained 1)
Q - a potion of heal wounds You open the door.
There is an open door here.
Found an escape hatch in the ceiling.
A - 5 potions of brilliance (gained 1)
A fire giant comes into view.
It is wielding a great sword of flaming.
The fire giant shouts!
Found a stone staircase leading up.
Something unseen opens the large door.
You are feeling hungry.
There is an escape hatch in the ceiling here.
You start waiting.
Eating one of 2 chunks of flesh {@w0}.
You eat one of the 2 chunks of flesh {@w0}.
Aim: a fire giant, wielding a great sword of flaming You shoot a sling bullet.
The sling bullet hits the fire giant but does no damage.
The fire giant casts a spell at you. The bolt of fire hits you!
You take 45 damage, and have 55/100 hp.
MASSIVE DAMAGE!!
The fire giant hits you with a great sword of flaming.
The fire giant burns you. A mysterious force pulls you upwards.
The hatch slams shut behind you.
You take 8 damage, and have 47/100 hp.
You are too injured to fight recklessly!
Okay, then.
Okay, then.
Really attack while wielding your +2 hunting sling of freezing? [Y]es or [N]o only, please.
Really attack while wielding your +2 hunting sling of freezing? [Y]es or [N]o only, please.
Really attack while wielding your +2 hunting sling of freezing? [Y]es or [N]o only, please.
Really attack while wielding your +2 hunting sling of freezing? [Y]es or [N]o only, please.
Really attack while wielding your +2 hunting sling of freezing?
Okay, then.
You are too injured to fight recklessly!
Aim: a fire giant, wielding a great sword of flaming You shoot a sling bullet.
The sling bullet hits the fire giant.
The sling bullet freezes the fire giant.
Aim: a fire giant, wielding a great sword of flaming (lightly wounded)
You shoot a sling bullet. The sling bullet hits the fire giant.
The sling bullet freezes the fire giant.
The fire giant hits you with a great sword of flaming.
The fire giant burns you.
You take 5 damage, and have 43/100 hp.
Aim: a fire giant, wielding a great sword of flaming (lightly wounded)
You shoot a sling bullet. The sling bullet hits the fire giant!
The sling bullet freezes the fire giant.
The fire giant hits you with a great sword of flaming!
The fire giant burns you.
* * * LOW HITPOINT WARNING * * *
You take 15 damage, and have 28/100 hp.
Aim: a fire giant, wielding a great sword of flaming (lightly wounded)
You shoot a sling bullet.
The sling bullet hits the fire giant but does no damage.
The fire giant casts a spell at you. The bolt of fire hits you!
* * * LOW HITPOINT WARNING * * *
You take 24 damage, and have 4/100 hp.
MASSIVE DAMAGE!!
Unknown command.
Aim: a fire giant, wielding a great sword of flaming (lightly wounded)
You shoot a sling bullet. The sling bullet hits the fire giant.
The sling bullet freezes the fire giant.
The fire giant hits you with a great sword of flaming!!
You die...

..............#
#.............#
#.##.########## #.##.....#
#.##.....# #.##.....#
#.##.....# ##############
..##.....# ###...C........#
.........###....@..(..###.#
.#######.'............# #.#
.#.....#.###..........###<#
.#.≈.≈.#.# ###......#.....#
.'.._..'.#####.........####
##.§.§.#..........###..#
#.....#............#..#
#######............#..#
#............#..#


You could see a fire giant.

Vanquished Creatures
  The ghost of Firecrotchwizard the Cleaver, a novice HOMo of Beogh (D:8)
  A two-headed ogre (D:8)
  Pikel (D:6)
  A kobold demonologist (D:8)
  A hippogriff (D:8)
  3 yaks (D:9)
  Eustachio (D:7)
  Menkaure (D:4)
  Edmund (D:6)
  2 hell hounds (D:9)
  3 black bears
  2 slaves (D:6)
  2 ice beasts
  A centaur (D:7)
  4 ogres
  4 big kobolds (Sewer)
  A gnoll sergeant (D:6)
  2 scorpions (D:4)
  15 killer bees
  A vampire bat (D:3)
  6 howler monkeys
  A centaur zombie (D:5)
  2 hounds
  An orc wizard (D:7)
  A bullfrog zombie (D:6)
  2 iguanas (D:6)
  8 worker ants
  A killer bee zombie (D:8)
  Robin (D:4)
  8 gnolls
  15 adders
  7 river rats (Sewer)
  A shadow imp (D:6)
  2 oozes
  3 adder skeletons
  5 worms
  4 dart slugs
  3 fire bats (D:3)
  5 leopard geckos
  17 orcs
  2 spectral bats (D:3)
  4 ball pythons
  17 bats
  3 bat skeletons (D:3)
  A bat zombie (D:3)
  4 giant cockroaches
  15 goblins
  12 hobgoblins
  4 jackals (D:1)
  20 kobolds
  4 quokkas
  A bat simulacrum (D:3)
  4 frilled lizards
  A giant cockroach zombie (D:6)
  A jackal skeleton (D:6)
  A leopard gecko skeleton (D:4)
  A quokka skeleton (D:5)
  A quokka zombie (D:5)
  22 rats
259 creatures vanquished.

Vanquished Creatures (collateral kills)
  A queen bee (D:8)
  An orc warrior (D:7)
2 creatures vanquished.

Vanquished Creatures (others)
  A slave (D:6)
  An orc priest (D:6)
  A hound skeleton (D:5)
  A gnoll (D:6)
  3 orcs (D:8)
7 creatures vanquished.

Grand Total: 268 creatures vanquished

Notes
Turn   | Place    | Note
-------+----------+-------------------------------------------
     0 | D:1      | Firecrotchwizard the Hill Orc Monk began the quest for the Orb.
     0 | D:1      | Reached XP level 1. HP: 19/19 MP: 1/1
    61 | D:1      | Reached XP level 2. HP: 14/27 MP: 2/2
   196 | D:1      | Reached skill level 4 in Fighting
   202 | D:1      | Reached skill level 1 in Armour
   325 | D:1      | Reached XP level 3. HP: 31/33 MP: 3/3
   750 | D:2      | HP: 5/33 [adder (4)]
   774 | D:2      | HP: 8/33 [poisoned by an adder]
   781 | D:2      | HP: 7/33 [poisoned by an adder]
   789 | D:2      | HP: 6/33 [poisoned by an adder]
  1045 | D:2      | Reached skill level 5 in Axes
  1124 | D:2      | Reached XP level 4. HP: 31/41 MP: 4/4
  1957 | D:2      | Reached skill level 2 in Armour
  2416 | D:3      | Reached XP level 5. HP: 46/47 MP: 5/5
  2789 | D:3      | Reached skill level 6 in Axes
  2829 | D:3      | Reached skill level 5 in Fighting
  2852 | D:3      | Reached XP level 6. HP: 49/56 MP: 6/6
  2882 | D:3      | Reached skill level 3 in Armour
  2973 | D:4      | Noticed Menkaure
  2994 | D:4      | Found Isunuoc's General Store.
  3065 | D:4      | Found Beps's Antique Armour Shoppe.
  3080 | D:4      | Found Ujeonikh's Book Shoppe.
  3100 | D:4      | Reached skill level 7 in Axes
  3369 | D:4      | Killed Menkaure
  3369 | D:4      | Reached XP level 7. HP: 24/61 MP: 7/7
  3456 | D:4      | Noticed Sharkman1231's ghost (amateur DsWn)
  3695 | D:4      | Reached skill level 8 in Axes
  3701 | D:4      | HP: 13/62 [scorpion (6)]
  3702 | D:4      | HP: 6/62 [scorpion (5)]
  3714 | D:4      | HP: 10/62 [scorpion (5)]
  3762 | D:4      | HP: 11/62 [Sharkman1231's ghost (9)]
  3768 | D:3      | HP: 6/62 [poisoned by Sharkman1231's ghost]
  3773 | D:3      | HP: 4/62 [poisoned by Sharkman1231's ghost]
  3778 | D:3      | HP: 3/62 [poisoned by Sharkman1231's ghost]
  3785 | D:3      | HP: 3/62 [poisoned by Sharkman1231's ghost]
  3793 | D:3      | HP: 2/62 [poisoned by Sharkman1231's ghost]
  4123 | D:4      | Noticed Robin
  4146 | D:4      | Killed Robin
  4165 | D:4      | Reached skill level 4 in Armour
  4212 | D:4      | Found Usys's Weapon Shoppe.
  4342 | D:5      | Entered Level 5 of the Dungeon
  4443 | D:5      | Reached skill level 6 in Fighting
  4537 | D:5      | Found a glowing drain.
  4556 | D:5      | HP: 12/63 [ogre/giant club (13)]
  4574 | D:5      | HP: 9/63 [worm (7)]
  4715 | Sewer    | Entered a sewer
  4856 | Sewer    | Reached skill level 9 in Axes
  4952 | Sewer    | Reached XP level 8. HP: 69/71 MP: 8/8
  5389 | Sewer    | Reached skill level 5 in Armour
  5431 | Sewer    | Reached skill level 10 in Axes
  5684 | D:5      | Reached skill level 7 in Fighting
  5735 | D:5      | Became a worshipper of Beogh the Brigand
  5735 | D:5      | Reached * piety under Beogh
  5735 | D:5      | Reached ** piety under Beogh
  5881 | D:5      | Found a staircase to the Ecumenical Temple.
  6250 | D:6      | HP: 14/73 [gnoll sergeant/spear of venom (6)]
  6266 | D:6      | HP: 17/73 [gnoll (6)]
  6271 | D:6      | HP: 15/73 [poisoned by a gnoll sergeant]
  6279 | D:6      | HP: 14/73 [worker ant (5)]
  6559 | D:6      | Reached XP level 9. HP: 65/79 MP: 9/9
  6563 | D:6      | Reached skill level 11 in Axes
  6667 | D:6      | Noticed Eustachio
  6671 | D:6      | Noticed Edmund
  6705 | D:7      | Killed Eustachio
  6705 | D:7      | Reached skill level 6 in Armour
  6750 | D:6      | Killed Edmund
  6790 | D:6      | Found a hazy altar of Hepliaklqana.
  6799 | D:6      | Reached skill level 8 in Fighting
  6860 | D:6      | Noticed Pikel
  6947 | D:6      | Killed Pikel
  6947 | D:6      | Reached skill level 12 in Axes
  7146 | D:6      | Found a runed door.
  7154 | D:6      | Found a runed gate.
  7156 | D:6      | Found a runed gate.
  7156 | D:6      | Found a runed gate.
  7164 | D:6      | Found a runed door.
  7392 | D:6      | Found a deep blue altar of Sif Muna.
  7471 | D:7      | Reached skill level 7 in Armour
  7487 | D:7      | Found a blossoming altar of Fedhas.
  7634 | D:7      | Found a burning altar of Makhleb.
  7634 | D:7      | Found a hide-covered altar of Uskayaw.
  7635 | D:7      | Found a shimmering altar of Xom.
  7652 | D:7      | Found a glowing golden altar of the Shining One.
  7793 | D:7      | Found an iron altar of Okawaru.
  8043 | D:8      | Noticed a kobold demonologist
  8046 | D:8      | Noticed Firecrotchwizard's ghost (novice HOMo)
  8071 | D:8      | Killed a kobold demonologist
  8071 | D:8      | Reached skill level 9 in Fighting
  8071 | D:8      | Reached XP level 10. HP: 70/91 MP: 10/10
  8101 | D:8      | Killed Firecrotchwizard's ghost
  8101 | D:8      | Reached *** piety under Beogh
  8101 | D:8      | Reached skill level 13 in Axes
  8166 | D:8      | Reached skill level 8 in Armour
  8179 | D:8      | HP: 19/91 [killer bee (5)]
  8198 | D:8      | HP: 19/91 [killer bee (4)]
  8205 | D:8      | HP: 17/91 [poisoned by a killer bee]
  8210 | D:8      | HP: 16/91 [poisoned by a killer bee]
  8218 | D:8      | HP: 16/91 [poisoned by a killer bee]
  8226 | D:8      | HP: 13/91 [killer bee (5)]
  8237 | D:7      | HP: 22/91 [poisoned by a killer bee]
  8242 | D:7      | HP: 16/91 [killer bee (4)]
  8246 | D:7      | HP: 6/91 [orc wizard/magic dart (8)]
  8260 | D:7      | HP: 13/91 [orc warrior/short sword (10)]
  8265 | D:7      | HP: 12/92 [poisoned by a killer bee]
  8273 | D:7      | HP: 12/92 [poisoned by a killer bee]
  8630 | D:8      | Noticed a two-headed ogre
  8638 | D:8      | HP: 16/92 [two-headed ogre/giant club (20)]
  8640 | D:8      | Killed a two-headed ogre
  8640 | D:8      | Reached skill level 14 in Axes
  8643 | D:8      | HP: 16/93 [poisoned by a queen bee]
  8651 | D:8      | HP: 16/93 [poisoned by a queen bee]
  8970 | D:8      | Reached skill level 10 in Fighting
  9372 | D:8      | Found a shattered altar of Ashenzari.
  9750 | D:9      | Noticed a cyclops
 10269 | D:9      | Found a staircase to the Lair.
 10296 | D:9      | Reached XP level 11. HP: 100/100 MP: 11/11
 10328 | D:9      | Noticed a fire giant
 10372 | D:8      | HP: 4/100 [fire giant/bolt of fire (24)]
 10373 | D:8      | Mangled by a fire giant

Skill      XL: |  1  2  3  4  5  6  7  8  9 10 |
---------------+-------------------------------+-----
Fighting       | 4 5 6 7 9 10 | 10.2
Armour         | 1 2 3 4 5 7 8 |  8.9
Axes           | 5 6 7 9 10 12 14 | 14.8
Dodging        | |  2.4
Stealth        | |  1.5

Action                   |  1- 3 |  4- 6 |  7- 9 | 10-12 || total
-------------------------+-------+-------+-------+-------++-------
Melee: Hand axe          |   104 |   225 |   156 |       ||   485
       War axe           |       |       |   459 |   254 ||   713
 Fire: Hunting sling     |       |       |       |     6 ||     6
Throw: Throwing net      |       |       |     2 |       ||     2
       Javelin           |       |       |    13 |    33 ||    46
Invok: Smiting           |       |       |     1 |     1 ||     2
       Convert to Beogh  |       |       |     1 |       ||     1
  Use: Potion            |     1 |       |     9 |     9 ||    19
       Scroll            |       |       |     6 |       ||     6
 Stab: Sleeping          |     1 |       |       |       ||     1
       Invisible         |       |       |     1 |       ||     1
       Held in net/web   |       |       |     1 |       ||     1
  Eat: Chunk             |     1 |     6 |    13 |     3 ||    23
       Fruit             |       |     1 |     5 |       ||     6
       Royal jelly       |       |       |       |     2 ||     2
Armor: Plate armour      |    85 |   197 |   396 |   170 ||   848
       Robe              |     2 |       |       |       ||     2
Dodge: Dodged            |    20 |    59 |   146 |    83 ||   308

Vault maps used:
D:1:      dpeg_arrival_simpleton_c
D:2:      kennysheep_potato
D:3:      goddamned_bats
D:4:      serial_shops, shop, shop, kennysheep_mini_moat,
          nicolae_shop_waterfront, nicolae_shop_statue_plus,
          uniq_crazy_yiuf_cottage, uniq_menkaure, uniq_robin
D:5:      minmay_temple_entry_crystal_x, first_bread,
          cheibrodos_sewer_entry_sluice
D:6:      minitemple, minmay_guarded_unrand_staff_of_olgreb, uniq_eustachio,
          uniq_pikel, uniq_edmund
D:7:      fedhas_bush_and_centaur_altar, nicolae_overflow_quartered_altars,
          serial_bayou_pond_d, okawaru_gym_becter
D:8:      kennysheep_little_box, david_nohive_1, hangedman_decor_slide_cut
D:9:      minmay_lair_entry_lava, serial_park_tiny_1, minmay_misc_feat_plants,
          kennysheep_island_fort
Sewer:    sewer_minmay_treatment

Table legend:
 A = Turns spent in this place as a percentage of turns spent in the entire game.
 B = Non-inter-level travel turns spent in this place as a percentage of non-inter-level travel turns spent in the entire game.
 C = Inter-level travel turns spent in this place as a percentage of turns spent in this place.
 D = Turns resting spent in this place as a percentage of non-inter-level travel turns spent in this place.
 E = Turns spent auto-exploring this place as a percentage of non-inter-level travel turns spent in this place.
 F = Non-inter-level travel turns spent in this place divided by the number of levels of this place that you've seen.
                   A       B       C       D       E      F
               +-------+-------+-------+-------+-------+----------------------
         Total | 100.0 | 100.0 |   0.5 |   3.6 |   8.2 | 280.2
       Dungeon |  91.5 |  91.4 |   0.6 |   3.5 |   8.1 | 284.7
         Sewer |   8.5 |   8.6 |   0.0 |   4.6 |   9.2 | 240.0
               +-------+-------+-------+-------+-------+----------------------

Table legend:
 A = Kills in this place as a percentage of kills in entire the game.
 B = Kills by you in this place as a percentage of kills by you in the entire game.
 C = Kills by friends in this place as a percentage of kills by friends in the entire game.
 D = Other kills in this place as a percentage of other kills in the entire game.
 E = Experience gained in this place as a percentage of experience gained in the entire game.
 F = Experience gained in this place divided by the number of levels of this place that you have seen.
                   A       B       C       D       E      F
               +-------+-------+-------+-------+-------+----------------------
         Total | 100.0 | 100.0 | 100.0 | 100.0 | 100.0 | 932.8
       Dungeon |  81.5 |  81.3 | 100.0 | 100.0 |  93.8 | 972.0
         Sewer |  18.5 |  18.7 |   0.0 |   0.0 |   6.2 | 580.0
               +-------+-------+-------+-------+-------+----------------------
